[Event "Team 45 45 League T40"]
[Site "Internet Chess Club"]
[Date "2009.01.31"]
[Round "1"]
[White "PANAMA-REY"]
[Black "beerss"]
[Result "1-0"]
[WhiteElo "1535"]
[BlackElo "1458"]
[Opening "Scandinavian (center counter) defense"]
[ECO "B01"]
[Time "19:00:07"]
[TimeControl "2700+45"]

1. e4 d5 2. exd5 Qxd5 3. d4 e5 4. Be3 exd4 5. Qxd4 Qxd4 6. Bxd4 Nc6 7. Bb5 Bd7
8. Bc3 O-O-O 9. Ne2 Bb4 10. O-O Bxc3 11. bxc3 g5 12. Na3 f5 13. f4 g4 14. Ng3
Nf6 15. Bd3 Ne7 16. Rae1 Ned5 17. c4 Nc3 18. Nxf5 Nxa2 19. Rb1 Nc3 20. Rb3 Na4
21. Nb5 Kb8 22. Nh6 Nc5 23. Ra3 Nxd3 24. Nf7 Nc5 25. Nxh8 Rxh8 26. Nxa7 Nce4 27.
Rfa1 Re8 28. Nb5 b6 29. Ra8+ Kb7 30. R8a7+ Kc6 31. Rxc7# {Black checkmated} 1-0

[Event "Team 45 45 League T40"]
[Site "Internet Chess Club"]
[Date "2009.01.31"]
[Round "1"]
[White "AMAV"]
[Black "f5"]
[Result "1/2-1/2"]
[WhiteElo "2140"]
[BlackElo "2217"]
[Opening "QGD: Cambridge Springs defense, Capablanca variation"]
[ECO "D52"]
[Time "20:09:03"]
[TimeControl "2700+45"]

1. Nf3 d5 2. d4 c6 3. c4 Nf6 4. Nc3 e6 5. Bg5 Nbd7 6. e3 Qa5 7. Bxf6 Nxf6 8. Bd3
dxc4 9. Bxc4 Nd5 10. O-O Nxc3 11. bxc3 Qxc3 12. Rc1 Qa5 13. e4 Be7 14. e5 O-O
15. Nd2 c5 16. dxc5 Rd8 17. Nb3 Rxd1 18. Nxa5 Rxc1 19. Rxc1 Bxc5 20. Bb5 b6 21.
Nb3 Ba3 22. Rc7 Kf8 23. Bc6 Rb8 24. Rxa7 Bb2 25. f4 g5 26. g3 h6 27. Kf2 b5 28.
Ke3 b4 29. Nc5 gxf4+ 30. gxf4 f6 31. Bd7 fxe5 32. fxe5 Kg8 33. Ke4 Bxd7 34. Nxd7
Rc8 35. Kf3 Rc3+ 36. Kg4 Kf7 37. h4 Ra3 38. Rb7 Rxa2 39. Kh5 Bc3 40. Nf6+ Kf8
41. Kg6 Rg2+ 42. Kxh6 Re2 43. Kg6 Rg2+ 44. Kh7 Re2 45. Kg6 Rg2+ 46. Kh6 Re2 47.
h5 Bxe5 48. Nd7+ Ke8 49. Nxe5 Rxe5 50. Rxb4 Kf7 51. Rf4+ Rf5 52. Ra4 Kf6 53. Ra8
Rb5 54. Rf8+ Ke7 55. Rf1 Rb2 56. Rg1 Rf2 57. Rg7+ Kf6 58. Rg8 Kf7 59. Ra8 Rg2
60. Ra7+ Kf6 61. Kh7 e5 62. h6 e4 63. Rg7 Ra2 64. Rg6+ Kf5 65. Rg7 Ra6 66. Rf7+
Kg5 67. Rg7+ Kh5 68. Re7 Rxh6+ 69. Kg7 Rg6+ 70. Kf7 Rg4 71. Kf6 Rf4+ 72. Ke5 Kg4
73. Kd4 Kf3 74. Rh7 e3+ 75. Kd3 Rf8 76. Rh3+ Kf2 77. Rh2+ Kg3 78. Re2 Kf4 79.
Rxe3 Rd8+ {Game drawn by mutual agreement} 1/2-1/2

[Event "Team 45 45 League T40"]
[Site "Internet Chess Club"]
[Date "2009.02.02"]
[Round "1"]
[White "chsrules88"]
[Black "playwaycool"]
[Result "0-1"]
[WhiteElo "1989"]
[BlackElo "2081"]
[Opening "Ruy Lopez: closed"]
[ECO "C90"]
[Time "22:00:40"]
[TimeControl "2700+45"]

1. e4 e5 2. Nf3 Nc6 3. Bb5 a6 4. Ba4 Nf6 5. O-O Be7 6. Re1 b5 7. Bb3 d6 8. h3
O-O 9. d3 Na5 10. Bg5 Nxb3 11. axb3 h6 12. Bxf6 Bxf6 13. Nbd2 g6 14. Nf1 Bg7 15.
Ne3 f5 16. exf5 gxf5 17. c3 f4 18. Nf1 Bb7 19. b4 Qf6 20. N1d2 Rae8 21. Qb3+ Kh8
22. Ne4 Qg6 23. Qd1 Bf6 24. Nfd2 Bd8 25. Qf3 Rg8 26. Re2 Rg7 27. Kh1 Reg8 28.
Rg1 Be7 29. d4 Qf5 30. dxe5 dxe5 31. g4 Qe6 32. Rge1 h5 33. gxh5 Bh4 34. b3 Qf5
35. c4 Be7 36. c5 Rg5 37. Rc1 Rxh5 38. Kh2 Rg7 39. Rc3 Rgh7 40. Qg2 Bc8 41. Kg1
Rg7 42. Ng3 fxg3 43. fxg3 Rxh3 44. Ne4 Rgh7 45. Re1 Qh5 46. Nf2 Rh2 47. Qf3 Qxf3
48. Rxf3 Bb7 49. Rf5 Rg2+ 50. Kf1 Rxg3 51. Rfxe5 Bf6 52. Re8+ Kg7 53. R1e6 Bd5
54. Rxa6 Rxb3 55. Ra7 Kg6 56. Ra6 c6 57. Raa8 Rxb4 58. Nd3 Re4 59. Rxe4 Bxe4 60.
Nf2 Bd5 61. Rc8 Kf5 62. Rf8 Rf7 63. Rc8 Bd4 64. Nd3 Re7 65. Nb4 Bc4+ 66. Kg2 Kg4
67. Rd8 Re2+ 68. Kf1 Re8+ 69. Kg2 Rxd8 70. Nxc6 Bd5+ 71. Kf1 Bxc6 72. Ke2 Bxc5
73. Ke1 Kf3 74. Kf1 Rd1# {White checkmated} 0-1

[Event "Team 45 45 League T40"]
[Site "Internet Chess Club"]
[Date "2009.02.03"]
[Round "1"]
[White "Gregorio"]
[Black "PaulKaspar"]
[Result "1-0"]
[WhiteElo "2120"]
[BlackElo "1809"]
[Opening "Caro-Kann: Panov-Botvinnik attack, 5...e6"]
[ECO "B14"]
[Time "23:11:18"]
[TimeControl "2700+45"]

1. e4 c6 2. d4 d5 3. exd5 cxd5 4. c4 Nf6 5. Nc3 e6 6. Nf3 Nc6 7. Bf4 Bd6 8. Bxd6
Qxd6 9. c5 Qd8 10. Bd3 a6 11. O-O O-O 12. a3 Re8 13. Re1 Qc7 14. b4 e5 15. dxe5
Nxe5 16. Nxe5 Rxe5 17. Qf3 Bg4 18. Qg3 Rxe1+ 19. Rxe1 Qxg3 20. hxg3 Kf8 21. f3
Be6 22. Ne2 g6 23. Nd4 Bd7 24. Kf2 Re8 25. Rc1 Rc8 26. g4 h6 27. Rh1 Kg7 28. Ke3
Re8+ 29. Kd2 h5 30. gxh5 Nxh5 31. Rc1 Nf4 32. Bf1 Ne6 33. Nb3 Bc6 34. Na5 Nc7
35. Bd3 f5 36. g4 fxg4 37. Rg1 Kf6 38. Rxg4 g5 39. Rg1 Rh8 40. Rg2 Rh1 41. f4
gxf4 42. Rg6+ Ke7 43. Nxc6+ bxc6 44. Rxc6 Rh2+ 45. Ke1 Rh1+ 46. Kf2 Kd7 47. Rf6
Rh2+ 48. Kf1 Ra2 49. Bf5+ Ke7 50. Rc6 Ra1+ 51. Ke2 Ra2+ 52. Ke1 Ra1+ 53. Kf2
Ra2+ 54. Kf3 Rxa3+ 55. Kxf4 Nb5 56. Ke5 d4 57. Rh6 d3 58. Rh7+ Ke8 59. Bd7+ Kd8
60. Bxb5 axb5 61. Kd6 Ra6+ 62. c6 Ke8 63. Rh8+ Kf7 64. Rh2 Ra8 65. Kd7 {Black
resigns} 1-0

[Event "Team 45 45 League T40"]
[Site "Internet Chess Club"]
[Date "2009.02.01"]
[Round "1"]
[White "zachi"]
[Black "adh2050"]
[Result "0-1"]
[WhiteElo "2006"]
[BlackElo "2157"]
[Opening "Sicilian: closed"]
[ECO "B23"]
[Time "16:01:03"]
[TimeControl "2700+45"]

1. e4 c5 2. Nc3 a6 3. g3 g6 4. Bg2 Bg7 5. f4 e6 6. d3 Nc6 7. Be3 b6 8. e5 Nge7
9. Ne4 O-O 10. Ne2 Nf5 11. Bf2 d5 12. N4c3 Bb7 13. g4 Nh4 14. Bh3 Nf3+ 15. Kf1
f6 16. exf6 Qxf6 17. g5 Nxg5 18. Bg2 Nf7 19. h4 h5 20. Qd2 Nh6 21. Kg1 Ng4 22.
Rf1 Rf7 23. f5 Bh6 24. Qe1 Qxf5 25. Bd4 cxd4 26. Rxf5 Be3+ 27. Kf1 Rxf5+ 28. Bf3
Rxf3+ 29. Kg2 Rf2+ 30. Kg3 Raf8 31. Ng1 dxc3 32. Qxe3 Nxe3 {White resigns} 0-1

[Event "Team 45 45 League T40"]
[Site "Internet Chess Club"]
[Date "2009.01.30"]
[Round "1"]
[White "ConfusedDog589"]
[Black "Flying-Tiger"]
[Result "0-1"]
[WhiteElo "1954"]
[BlackElo "1923"]
[Opening "Grünfeld: modern exchange variation"]
[ECO "D85"]
[Time "20:15:37"]
[TimeControl "2700+45"]

1. d4 Nf6 2. c4 g6 3. Nc3 d5 4. cxd5 Nxd5 5. e4 Nxc3 6. bxc3 Bg7 7. Nf3 c5 8.
Be2 O-O 9. Rb1 Nc6 10. Be3 Qa5 11. Qd2 Rd8 12. Rb5 Qa3 13. O-O Bg4 14. Rb3 Qa4
15. Bb5 Qa5 16. d5 Bxf3 17. gxf3 Ne5 18. Be2 Qc7 19. Qb2 b6 20. f4 c4 21. Rb4
Nd3 22. Bxd3 cxd3 23. Rc1 Rac8 24. Rb3 Qd7 25. f3 e6 26. dxe6 Qxe6 27. Qd2 Qh3
28. Rf1 Qd7 29. Rd1 b5 30. e5 Qc6 31. Kf2 a5 32. Bd4 Qe6 33. Rxb5 Rxd4 34. cxd4
Rc2 35. Ke3 Rxd2 36. Rxd2 Bf8 37. Rxa5 Bh6 38. Ra4 Qf5 39. d5 Qxe5+ 40. Kxd3
Qxd5+ 41. Rd4 Qxf3+ 42. Kc4 Bxf4 43. Rc2 Qf1+ 44. Kd5 Be3 45. Rdc4 Qf3+ 46. Ke5
Qf5+ 47. Kd6 Qe6+ 48. Kc7 Qb6+ 49. Kd7 Bg5 50. a4 Qb7+ 51. Kd6 Kg7 52. h4 Qe7+
53. Kc6 Bxh4 54. a5 Qe6+ 55. Kb7 Qd7+ 56. Ka6 Bd8 57. Rc6 h5 58. Kb5 Bxa5 59.
Kxa5 h4 60. Rc7 Qd8 61. Kb6 g5 62. Kb7 h3 63. Rf2 Qd5+ 64. Kc8 g4 65. Rh2 Qe6+
{White resigns} 0-1

[Event "Team 45 45 League T40"]
[Site "Internet Chess Club"]
[Date "2009.01.30"]
[Round "1"]
[White "mfeatherston"]
[Black "Ben622"]
[Result "0-1"]
[WhiteElo "1899"]
[BlackElo "2120"]
[Opening "Alekhine's defense: Maróczy variation"]
[ECO "B02"]
[Time "18:00:09"]
[TimeControl "2700+45"]

1. e4 Nf6 2. d3 e5 3. Nf3 Nc6 4. g3 d5 5. exd5 Qxd5 6. Bg2 Bg4 7. Nc3 Qd7 8. h3
Bf5 9. Be3 O-O-O 10. a3 e4 11. dxe4 Qxd1+ 12. Rxd1 Rxd1+ 13. Kxd1 Nxe4 14. Nd5
Bc5 15. Bxc5 Nxc5 16. Nd2 Re8 17. Ne3 Ne4 18. Nxe4 Bxe4 19. Bxe4 Rxe4 20. c3 Ne5
21. Ke2 g6 22. b3 Nc6 23. Rd1 f5 24. f3 Re7 25. f4 Na5 26. Rb1 c5 27. Kf3 Rd7
28. b4 cxb4 29. axb4 Nc6 30. Rd1 Rxd1 31. Nxd1 b5 32. g4 fxg4+ 33. hxg4 Kd7 34.
g5 Ke6 35. Ke4 Ne7 36. Ne3 a6 37. Kd4 Nf5+ 38. Nxf5 Kxf5 39. Ke3 Kg4 40. Ke4 Kg3
41. Ke3 Kh4 42. Kf3 Kh3 43. Ke3 Kg3 44. Ke4 Kf2 45. Kd4 Kf3 46. c4 bxc4 47. Kxc4
Kxf4 48. Kc5 Kxg5 49. Kb6 h5 50. Kxa6 h4 51. b5 h3 52. b6 h2 53. b7 h1=Q 54.
b8=Q Qa1+ {White resigns} 0-1

[Event "Team 45 45 League T40"]
[Site "Internet Chess Club"]
[Date "2009.02.01"]
[Round "1"]
[White "BRAINWAVE"]
[Black "giltar"]
[Result "1/2-1/2"]
[WhiteElo "1803"]
[BlackElo "1814"]
[Opening "Caro-Kann: Panov-Botvinnik attack, 5...e6"]
[ECO "B14"]
[Time "13:12:56"]
[TimeControl "2700+45"]

1. e4 c6 2. d4 d5 3. exd5 cxd5 4. c4 Nf6 5. Nc3 e6 6. Bg5 Be7 7. Nf3 O-O 8. Bd3
dxc4 9. Bxc4 Nc6 10. O-O a6 11. Re1 b5 12. Bb3 Bb7 13. Qd3 Nb4 14. Qd1 Nbd5 15.
Nxd5 Nxd5 16. Bxe7 Qxe7 17. Qd2 Rfd8 18. Rad1 Rd6 19. Re5 Rad8 20. Rde1 Nf6 21.
Qf4 Bxf3 22. Qxf3 Rxd4 23. h3 Qc7 24. g3 Nd7 25. R5e3 Nc5 26. Bc2 Rd2 27. R1e2
Rxe2 28. Qxe2 Qe7 29. a3 Nd7 30. Rc3 Nf6 31. Bb3 Qd6 32. Kh2 Qd4 33. Re3 Kf8 34.
Kg2 Qb6 35. Qc2 Nd5 36. Bxd5 Rxd5 37. Qxh7 Rd2 38. Rf3 Qd4 39. Qh5 g6 40. Qh6+
Ke8 41. Qe3 Qxe3 42. Rxe3 Rxb2 43. h4 a5 44. Re5 Ke7 45. g4 f6 46. Rc5 Kd6 47.
Rc3 b4 48. axb4 Rxb4 49. f3 a4 50. h5 gxh5 51. gxh5 Rh4 52. Ra3 Ke7 53. Kg3 Rb4
54. Rc3 Rb7 55. Kg4 Kf7 56. f4 Ra7 57. Ra3 Kg7 58. f5 exf5+ 59. Kxf5 Ra5+ 60.
Kg4 Kh6 61. Kf4 Kxh5 62. Rh3+ Kg6 63. Ra3 f5 64. Rg3+ Kf6 65. Ra3 Kf7 66. Kg5
Ke6 67. Kf4 Kf6 68. Kf3 Kg5 69. Kg3 f4+ 70. Kf3 Kf5 71. Kf2 Ke4 72. Ke2 Kd4 73.
Kd2 Kc4 74. Kc2 Kb4 75. Kb2 Re5 76. Rf3 Re2+ 77. Kb1 Re4 78. Kb2 Rc4 79. Kb1 Kc5
80. Rd3 Rd4 81. Rf3 Kd5 82. Kc2 Ke4 83. Rf1 f3 84. Kc3 Rd3+ 85. Kc2 a3 86. Re1+
Re3 87. Rf1 a2 88. Kb2 Re2+ 89. Ka1 f2 90. Rxf2 {Game drawn by mutual agreement}
1/2-1/2

[Event "Team 45 45 League T40"]
[Site "Internet Chess Club"]
[Date "2009.02.01"]
[Round "1"]
[White "dougmo"]
[Black "havertown"]
[Result "1-0"]
[WhiteElo "1548"]
[BlackElo "1403"]
[Opening "Scotch gambit"]
[ECO "C44"]
[Time "14:00:36"]
[TimeControl "2700+45"]

1. e4 e5 2. Nf3 Nc6 3. d4 exd4 4. Bc4 Bd6 5. Nxd4 Ne5 6. Bb3 Nf6 7. Nc3 c5 8.
Nf5 Bf8 9. O-O g6 10. Nd6+ Bxd6 11. Qxd6 Nc6 12. Bg5 Nxe4 13. Nxe4 Ne7 14. Nf6+
Kf8 15. Bh6# {Black checkmated} 1-0

[Event "Team 45 45 League T40"]
[Site "Internet Chess Club"]
[Date "2009.01.31"]
[Round "1"]
[White "t-hobbes"]
[Black "guyd52"]
[Result "1-0"]
[WhiteElo "1348"]
[BlackElo "1294"]
[Opening "QGD Slav defense"]
[ECO "D43"]
[Time "12:00:17"]
[TimeControl "2700+45"]

1. d4 d5 2. c4 c6 3. Nc3 Nf6 4. Bg5 e6 5. Nf3 g6 6. e4 dxe4 7. Nxe4 Nbd7 8. Ne5
h6 9. Nxd7 Qa5+ 10. Bd2 Qh5 11. Nexf6+ {Black resigns} 1-0

[Event "Team 45 45 League T40"]
[Site "Internet Chess Club"]
[Date "2009.02.01"]
[Round "1"]
[White "wekabird"]
[Black "Kingangyal"]
[Result "1-0"]
[WhiteElo "1216"]
[BlackElo "1348"]
[Opening "English opening"]
[ECO "A21"]
[Time "17:00:08"]
[TimeControl "2700+45"]

1. c4 e5 2. Nc3 d6 3. h3 Nc6 4. e4 Nf6 5. d3 g6 6. Nf3 Bg7 7. g3 O-O 8. Bg2 Bd7
9. O-O Ne7 10. Rb1 a6 11. Bg5 h6 12. Be3 b5 13. cxb5 axb5 14. b4 c6 15. Qc1 Kh7
16. Rd1 Be6 17. a3 Qd7 18. Kh2 Nfg8 19. d4 exd4 20. Bxd4 f5 21. Bxg7 Kxg7 22. e5
d5 23. Nd4 Rf7 24. Nxe6+ Qxe6 25. Re1 g5 26. f4 gxf4 27. Qxf4 Rxa3 28. Nd1 Ng6
29. Qd4 f4 30. g4 f3 31. Bf1 Rf4 32. Qc5 Nxe5 33. Nf2 Ra2 34. Kg1 Rxg4+ 35. hxg4
Nd3 36. Rxe6 Nxc5 37. Rxc6 Ne4 38. Nxe4 dxe4 39. Rd1 e3 40. Rc7+ Kh8 41. Rf7 e2
42. Bxe2 fxe2 43. Re1 Rb2 44. Kf2 Rxb4 45. Kxe2 Rxg4 46. Kf1 b4 47. Rb1 h5 48.
Rf5 h4 49. Kf2 Kg7 50. Rb5 h3 51. Rh1 Rg2+ 52. Kf3 Rb2 53. Rxh3 Rb3+ 54. Kg4
Nf6+ 55. Kh4 Rxh3+ 56. Kxh3 b3 57. Rxb3 Kg6 58. Kh4 Kf5 59. Rf3+ Ke5 60. Kg5
Ne4+ 61. Kg4 Nf6+ 62. Kg3 Ne4+ 63. Kg2 Kd4 64. Rf4 Ke5 65. Kf3 Nd6 66. Rg4 Nf5
67. Re4+ Kf6 68. Rf4 Ke6 69. Re4+ Kf6 70. Rf4 Ke5 71. Re4+ Kf6 72. Kg4 Kg6 73.
Re6+ Kg7 74. Kxf5 {Black resigns} 1-0

[Event "Team 45 45 League T40"]
[Site "Internet Chess Club"]
[Date "2009.01.31"]
[Round "1"]
[White "conron"]
[Black "WilmaP"]
[Result "1-0"]
[WhiteElo "1351"]
[BlackElo "1201"]
[Opening "French: Winawer, advance variation"]
[ECO "C16"]
[Time "13:02:08"]
[TimeControl "2700+45"]

1. e4 e6 2. d4 d5 3. Nc3 Bb4 4. e5 Nc6 5. Nf3 Nge7 6. Bd2 O-O 7. a3 Ba5 8. b4
Bb6 9. Bg5 a6 10. Be2 Qd7 11. O-O Nf5 12. Qd2 Ncxd4 13. Nxd4 Bxd4 14. g4 Bxc3
15. Qxc3 d4 16. Qh3 h6 17. Bf6 b6 18. gxf5 Bb7 19. Qg4 g6 20. fxg6 fxg6 21.
Qxg6+ {Black resigns} 1-0

[Event "Team 45 45 League T40"]
[Site "Internet Chess Club"]
[Date "2009.02.01"]
[Round "1"]
[White "Manch"]
[Black "manzeer"]
[Result "0-1"]
[WhiteElo "1442"]
[BlackElo "1591"]
[Opening "Scotch game"]
[ECO "C45"]
[Time "04:03:40"]
[TimeControl "2700+45"]

1. e4 e5 2. Nf3 Nc6 3. d4 exd4 4. Nxd4 Nxd4 5. Qxd4 c5 6. Qe5+ Qe7 7. Qf4 d5 8.
Bb5+ Bd7 9. Bxd7+ Kxd7 10. Qf5+ Qe6 11. Qxe6+ fxe6 12. exd5 exd5 13. O-O Re8 14.
Nc3 Kc6 15. Bf4 Nf6 16. Rfe1 Bd6 17. Bxd6 Kxd6 18. h3 a6 19. Rad1 d4 20. Nb1
Rhf8 21. f3 Nd5 22. Rxe8 Rxe8 23. Kf2 Kc6 24. c3 dxc3 25. Nxc3 Nxc3 26. bxc3 Re7
27. g4 Kb5 28. Rd2 Kc4 29. Re2 Rxe2+ 30. Kxe2 Kxc3 31. f4 c4 32. h4 Kb2 33. f5
c3 34. g5 c2 {White resigns} 0-1

[Event "Team 45 45 League T40"]
[Site "Internet Chess Club"]
[Date "2009.02.01"]
[Round "1"]
[White "whuffor"]
[Black "Shazaam"]
[Result "1/2-1/2"]
[WhiteElo "1420"]
[BlackElo "1460"]
[Opening "Sicilian: Alapin's variation (2.c3)"]
[ECO "B22"]
[Time "15:00:32"]
[TimeControl "2700+45"]

1. e4 c5 2. c3 Nc6 3. Nf3 d6 4. d4 cxd4 5. cxd4 Bd7 6. a3 Nf6 7. Nc3 g6 8. d5
Ne5 9. Nxe5 dxe5 10. Qb3 b6 11. Bc4 Bg7 12. O-O O-O 13. f4 Qc7 14. fxe5 Qxe5 15.
Bf4 Qd4+ 16. Kh1 Nxe4 17. Nxe4 Qxe4 18. Rae1 Qd4 19. Rxe7 Bf5 20. d6 Qxb2 21.
Bxf7+ Kh8 22. Qd5 Qxa3 23. Be5 Qd3 24. Bxg7+ Kxg7 25. Qe5+ Kh6 26. Qf4+ Kh5 27.
Bc4 g5 28. Qf3+ Qxf3 29. Rxf3 Kg6 30. h3 h5 31. Bd3 Bxd3 32. Re6+ Kg7 33. Rxd3
b5 34. Rd5 Kf7 35. Re7+ Kf6 36. Rxb5 Rfe8 37. Rh7 Kg6 38. Rbb7 a5 39. Rhc7 a4
40. d7 Red8 41. Rb6+ Kf7 42. Rbb7 a3 43. Ra7 Rxa7 44. Rxa7 Kg6 45. g4 h4 46. Kg2
a2 47. Rxa2 Rxd7 48. Ra6+ Kf7 49. Ra2 Ke6 50. Rf2 Rd3 51. Rf5 Rd5 52. Rf2 Ke5
53. Re2+ Kf4 54. Kf2 Rd3 55. Kg2 Rg3+ 56. Kh2 Kf3 57. Rb2 Kf4 58. Rb4+ Kf3 59.
Rb3+ Kf2 60. Rb2+ Ke3 61. Rb3+ Kf4 62. Rb4+ Ke5 63. Rb5+ Kf6 64. Rb6+ Ke5 65.
Rb5+ Kf6 66. Rb6+ Kg7 67. Rb7+ Kh6 {Game drawn by mutual agreement} 1/2-1/2

[Event "Team 45 45 League T40"]
[Site "Internet Chess Club"]
[Date "2009.02.04"]
[Round "1"]
[White "cobra2008"]
[Black "slipkid"]
[Result "1-0"]
[WhiteElo "1393"]
[BlackElo "1526"]
[Opening "King's pawn opening"]
[ECO "B07"]
[Time "14:59:56"]
[TimeControl "2700+45"]

1. e4 d6 2. Nf3 Nf6 3. Nc3 g6 4. Bc4 Bg7 5. Bd3 O-O 6. O-O c5 7. Bc4 Nc6 8. d3
Bg4 9. h3 Bxf3 10. Qxf3 Nd4 11. Qd1 Qd7 12. Be3 Ne8 13. Rb1 Nc7 14. Bxd4 Bxd4
15. Nd5 Nxd5 16. Bxd5 e6 17. Bb3 Rac8 18. c3 Be5 19. c4 Bd4 20. Ba4 Qe7 21. Qf3
a6 22. a3 Rb8 23. Bd1 b5 24. Bb3 bxc4 25. Bxc4 a5 26. Qe2 Rb6 27. a4 Rfb8 28.
Bb5 Rd8 29. Qf3 d5 30. Qe2 dxe4 31. Qxe4 Rbd6 32. Qf3 Qf6 33. Qxf6 Bxf6 34. Rfd1
Rd4 35. b3 e5 36. f3 Bg5 37. Kf1 f5 38. g3 e4 39. h4 Bf6 40. Ke2 exf3+ 41. Kxf3
R8d5 42. Bc4 g5 43. Bxd5+ Rxd5 44. hxg5 Bxg5 45. g4 Kg7 46. gxf5 Kf6 47. Ke4
Re5+ 48. Kf3 h5 49. Kg2 Rd5 50. Rb2 h4 51. Rf2 Rd4 52. Rf3 Rb4 53. Rb1 Rd4 54.
Re1 Rb4 55. Re6+ Kf7 56. Rc6 Rxb3 57. Rxc5 Rb2+ 58. Kh3 Rb4 59. Rxa5 {Black
resigns} 1-0

[Event "Team 45 45 League T40"]
[Site "Internet Chess Club"]
[Date "2009.01.30"]
[Round "1"]
[White "The-Capitalist"]
[Black "Check101"]
[Result "0-1"]
[WhiteElo "1196"]
[BlackElo "1339"]
[Opening "Four knights: Italian variation"]
[ECO "C47"]
[Time "21:02:55"]
[TimeControl "2700+45"]

1. e4 e5 2. Nf3 Nf6 3. Nc3 Nc6 4. Bc4 Nxe4 5. Nxe4 d5 6. Bb5 dxe4 7. Nxe5 Qd5 8.
Bxc6+ bxc6 9. Qh5 g6 10. c4 Qe6 11. O-O gxh5 12. f4 exf3 13. Nxf3 Bc5+ 14. d4
Bd6 15. Re1 Qxe1+ 16. Nxe1 O-O 17. c5 Be7 18. Bh6 Re8 19. Nf3 Bf6 20. Bf4 Re4
21. Be5 Bxe5 22. dxe5 Re2 23. b4 Bf5 24. Nd4 Rxe5 25. Nxc6 Re2 26. Nd4 Re5 27.
Nc6 Re4 28. Rf1 Bd7 29. b5 Bxc6 30. bxc6 Rc4 31. Rf5 Rc1+ 32. Kf2 Rc2+ 33. Kf3
Rxa2 34. Rg5+ Kh8 35. Rxh5 Kg7 36. Rd5 Rc2 37. h4 a5 38. Rd7 Rxc5 39. Rxc7 a4
40. g4 a3 41. h5 a2 42. h6+ Kxh6 43. Rxf7 a1=Q 44. g5+ Kxg5 45. c7 Qc3+ {White
resigns} 0-1

[Event "Team 45 45 League T40"]
[Site "Internet Chess Club"]
[Date "2009.02.01"]
[Round "1"]
[White "Gwyddbwyll"]
[Black "Jasher"]
[Result "1/2-1/2"]
[WhiteElo "1545"]
[BlackElo "1475"]
[Opening "Caro-Kann: advance variation"]
[ECO "B12"]
[Time "16:00:19"]
[TimeControl "2700+45"]

1. e4 c6 2. d4 d5 3. e5 Bf5 4. Bd3 e6 5. Bxf5 exf5 6. Ne2 g6 7. O-O Nd7 8. Qd3
Ne7 9. Nd2 g5 10. Nf3 h6 11. Bd2 c5 12. dxc5 Nxc5 13. Qb5+ Nd7 14. Rad1 g4 15.
Nfd4 Rb8 16. e6 fxe6 17. Nxe6 Qb6 18. Qxb6 Nxb6 19. b3 Rg8 20. Nxf8 Rxf8 21.
Bxh6 Rf6 22. Bf4 Rc8 23. Rd2 Ng6 24. Bg5 Rfc6 25. Nd4 Rc5 26. Re1+ Kf7 27. Nxf5
Rxc2 28. Rxc2 Rxc2 29. Nh6+ Kg7 30. Nxg4 Nd7 31. Ne3 Rxa2 32. Nxd5 Nde5 33. h3
Nd3 34. Bf6+ Kf7 35. Rf1 Ngf4 36. Nxf4 Nxf4 37. Bg5 Ne2+ 38. Kh1 Nd4 39. b4 b5
40. Be3 Nc2 41. Bc5 a5 42. bxa5 Rxa5 43. Rb1 Ke6 44. h4 Kd5 45. Be3 Kc4 46. h5
b4 47. h6 b3 48. Kh2 Kc3 49. Rd1 Nxe3 50. fxe3 b2 51. Rb1 Rh5+ 52. Kg3 Rxh6 53.
Kf4 Rd6 54. g4 Kc2 55. Rxb2+ Kxb2 56. Ke5 Rg6 57. Kf5 Ra6 58. e4 Kc3 59. e5 Kd4
60. e6 Kd5 61. e7 Ra8 62. Kf6 Re8 63. Kf7 Rxe7+ 64. Kxe7 Ke5 65. g5 Kf5 66. g6
Kxg6 {Game drawn because neither player has mating material} 1/2-1/2

[Event "Team 45 45 League T40"]
[Site "Internet Chess Club"]
[Date "2009.02.01"]
[Round "1"]
[White "john-beebs"]
[Black "cazj"]
[Result "1-0"]
[WhiteElo "1413"]
[BlackElo "1390"]
[Opening "Four knights: Spanish, classical defense"]
[ECO "C48"]
[Time "16:03:27"]
[TimeControl "2700+45"]

1. e4 e5 2. Nf3 Nc6 3. Nc3 Nf6 4. Bb5 Bc5 5. O-O O-O 6. d3 a6 7. Bxc6 bxc6 8.
Nxe5 Re8 9. d4 Bd6 10. f4 Rb8 11. Qf3 Rb4 12. Ne2 c5 13. c3 Rb6 14. Ng3 Bb7 15.
Qe3 Bxe5 16. fxe5 Ng4 17. Qf4 Nxh2 18. Kxh2 Rh6+ 19. Kg1 cxd4 20. Nf5 Ree6 21.
Nxh6+ Rxh6 22. Qxf7+ {Black resigns} 1-0

[Event "Team 45 45 League T40"]
[Site "Internet Chess Club"]
[Date "2009.02.05"]
[Round "1"]
[White "andrew0311"]
[Black "fuzzface"]
[Result "1-0"]
[WhiteElo "1496"]
[BlackElo "1327"]
[Opening "Philidor's defense"]
[ECO "C41"]
[Time "18:46:26"]
[TimeControl "2700+45"]

1. e4 e5 2. Nf3 d6 3. Nc3 Bg4 4. Be2 Nf6 5. d3 Be7 6. b3 O-O 7. Bb2 c6 8. O-O
Qb6 9. h3 Bxf3 10. Bxf3 Nbd7 11. Qe2 Nc5 12. Qe3 Ne6 13. Qxb6 axb6 14. Rad1 Nd4
15. Rd2 Nxf3+ 16. gxf3 Nh5 17. d4 Bg5 18. Rdd1 Nf4 19. Kh2 exd4 20. Rxd4 Rad8
21. Rg1 c5 22. Rdd1 f6 23. Nd5 Nxd5 24. Rxd5 Bf4+ 25. Kh1 Be5 26. Bc1 Rf7 27. f4
Bd4 28. Rg2 Re7 29. f3 g6 30. Bd2 Bb2 31. c3 Rg7 32. f5 b5 33. Bh6 Re7 34. Rxb2
Kf7 35. Rg2 g5 36. Rh2 Re5 37. Rxe5 dxe5 38. h4 Rd3 39. hxg5 Rxc3 40. gxf6 Rc1+
41. Bxc1 {Black resigns} 1-0

[Event "Team 45 45 League T40"]
[Site "Internet Chess Club"]
[Date "2009.02.01"]
[Round "1"]
[White "MateIn42"]
[Black "mmb"]
[Result "0-1"]
[WhiteElo "1400"]
[BlackElo "1316"]
[Opening "Sicilian: dragon, classical, Grigoriev variation"]
[ECO "B72"]
[Time "10:00:35"]
[TimeControl "2700+45"]

1. e4 c5 2. Nf3 d6 3. d4 cxd4 4. Nxd4 Nf6 5. Nc3 g6 6. Be2 Nc6 7. Be3 Bg7 8. Qd2
O-O 9. O-O-O a5 10. h4 a4 11. a3 Bd7 12. h5 gxh5 13. Bh6 Nxd4 14. Bxg7 Nxe2+ 15.
Qxe2 Kxg7 16. Qe3 Kh8 17. Nd5 e6 18. Nf4 Ng4 19. Qc3+ Qf6 20. Rxh5 Qxc3 21. bxc3
Nf6 22. Rh6 Nxe4 23. Rdh1 Ng5 24. Nh5 Bc6 25. f3 f5 26. Nf6 Kg7 27. f4 Bxg2 28.
fxg5 Bxh1 29. Rxh7+ Kg6 30. Rxh1 Kxg5 31. Nh7+ Kg6 32. Nxf8+ Rxf8 33. Rd1 d5 34.
Rd4 b5 35. Kd2 Rc8 36. Kd3 Rc4 37. Rxc4 bxc4+ 38. Ke3 Kg5 39. Kf3 e5 40. Kg3 e4
41. Kf2 Kf4 42. Ke2 Kg3 43. Ke3 f4+ 44. Ke2 Kg2 45. Ke1 f3 46. Kd1 f2 47. Kd2
f1=Q 48. Ke3 Qf2# {White checkmated} 0-1

[Event "Team 45 45 League T40"]
[Site "Internet Chess Club"]
[Date "2009.01.31"]
[Round "1"]
[White "alaskauk"]
[Black "chesskix"]
[Result "1/2-1/2"]
[WhiteElo "1509"]
[BlackElo "1554"]
[Opening "Caro-Kann: Gurgenidze system"]
[ECO "B15"]
[Time "16:06:55"]
[TimeControl "2700+45"]

1. e4 c6 2. d4 d5 3. Nc3 g6 4. e5 Bf5 5. Bd3 e6 6. Bxf5 exf5 7. Nf3 Nd7 8. Be3
Nb6 9. Nd2 Bg7 10. Ne2 Ne7 11. f4 O-O 12. Ng1 Nc4 13. Nxc4 dxc4 14. c3 Nd5 15.
Qf3 b5 16. Bd2 Re8 17. Kf1 Qc7 18. h4 Re6 19. Qg3 h5 20. Nf3 Bh6 21. Ng5 Bxg5
22. hxg5 Kg7 23. Rh4 Rh8 24. Kf2 a5 25. Rah1 b4 26. Qf3 Qb6 27. g4 fxg4 28. Qxg4
bxc3 29. bxc3 Qb2 30. Qe2 Nxc3 31. Bxc3 Qxc3 32. Qe3 Qb2+ 33. Kf3 Qxa2 34. R1h2
Qb3 35. f5 Qxe3+ 36. Kxe3 Ree8 37. f6+ Kh7 38. Rc2 c5 39. Rxc4 cxd4+ 40. Kxd4
Rd8+ 41. Kc3 Rhe8 42. Rhe4 Kg8 43. Rc5 Ra8 44. Ra4 Rec8 45. Rcc4 Rxc4+ 46. Kxc4
Kf8 47. Kd5 Ke8 48. e6 Rd8+ 49. Ke5 fxe6 50. Kxe6 Ra8 51. Kd6 Kf7 52. Kd7 Ra7+
53. Kd6 Ra6+ 54. Kd7 Ra7+ 55. Kd6 Ra8 56. Kd7 Ra7+ 57. Kd6 Ke8 58. Re4+ Kd8 59.
Rf4 Ke8 60. Re4+ Kf7 61. Ra4 Ra6+ 62. Kd7 Ra8 63. Kd6 Rd8+ 64. Ke5 Re8+ 65. Kd5
Rd8+ 66. Ke5 Re8+ 67. Kd5 Ra8 68. Kd6 Ra6+ 69. Kd5 Ra8 70. Kd6 Rd8+ 71. Ke5 Re8+
72. Kd6 Re6+ 73. Kd5 Ra6 74. Ke5 Ke8 75. Kd5 Ra7 76. Re4+ Kf7 77. Ra4 Ra6 78.
Ke5 Re6+ 79. Kd5 Ra6 80. Ke5 Re6+ 81. Kd5 Re1 82. Rxa5 Rf1 83. Ra7+ Kf8 84. Ra8+
Kf7 85. Ra7+ Ke8 86. Ra8+ Kf7 87. Ra7+ {Game drawn by repetition} 1/2-1/2